 Dungeon Crawl Stone Soup version 0.29-a0-1016-g236c7fd91e (webtiles) character file.

Game seed: 16970107941693982837

43 drpainis the Sneak (level 3, 0/16 HPs)
             Began as a Spriggan Enchanter on Aug 9, 2022.
             Frozen to death by an endoplasm (4 damage)
             ... on level 2 of the Dungeon.
             The game lasted 00:02:10 (1770 turns).

drpainis the Sneak (Spriggan Enchanter)             Turns: 1770, Time: 00:02:11

Health: 0/16       AC:  2    Str:  4    XL:     3   Next: 37%
Magic:  4/8        EV: 18    Int: 16    God:
Gold:   28         SH:  0    Dex: 17    Spells: 2/7 levels left

rFire   . . .      SeeInvis +   a - +1 dagger
rCold   . . .      Faith    .   (no shield)
rNeg    . . .      Spirit   .   b - +0 robe
rPois   .          Reflect  .   (helmet restricted)
rElec   .          Harm     .   i - scarf {repulsion}
rCorr   .          Rampage  .   (gloves unavailable)
Will    .....                   (boots unavailable)
Stlth   +++.......              (no amulet)
HPRegen 0.05/turn               (no ring)
MPRegen 0.11/turn               (no ring)

@: repel missiles, very quick
A: very small, no large weapons, unfitting armour, see invisible, speed 3
a: no special abilities


You were on level 2 of the Dungeon.
You visited 1 branch of the dungeon, and saw 2 of its levels.

You collected 28 gold pieces.

Inventory:

Hand Weapons
 a - a +1 dagger (weapon)
Armour
 b - a +0 robe (worn)
 i - a scarf of repulsion (worn)
Scrolls
 d - a scroll of identify {unknown}
 g - a scroll of teleportation {unknown}
 h - a scroll of amnesia {unknown}
Potions
 c - 2 potions of invisibility
 e - 5 potions of heal wounds {unknown}
 f - a potion of lignification {unknown}


   Skills:
 + Level 0.2 Fighting
 + Level 1.4 Short Blades
 + Level 3.2 Dodging
 + Level 5.5 Stealth
 + Level 2.8 Spellcasting
 + Level 4.1 Hexes


You had 2 spell levels left.
You knew the following spells:

 Your Spells              Type           Power      Damage    Failure   Level
a - Ensorcelled Hibernat  Hex/Ice        16%        N/A       12%         2
b - Confusing Touch       Hex            15%        N/A       11%         3

Your spell library contained the following spells:

 Spells                   Type           Power      Damage    Failure   Level
 Tukima's Dance           Hex            15%        N/A       11%         3
 Dazzling Flash           Conj/Hex       16%        N/A       24%         3


Dungeon Overview and Level Annotations

Branches:
Dungeon (2/15)

Altars:


Innate Abilities, Weirdness & Mutations

You are very small and have problems with some larger weapons.
You are too small for most types of armour.
You have supernaturally acute eyesight. (SInv)
You cover ground extremely quickly. (Speed+++)


Message History

The quokka looks drowsy...
The helpless quokka fails to defend itself.
You impale the quokka!!
You kill the quokka!
You start resting.
Your magical contamination has completely faded away.
You start resting.
Magic restored.
There is a stone staircase leading up here.
An endoplasm comes into view.
A dart slug comes into view.
The adder hisses angrily.
The adder closely misses you.
You barely miss the adder. The adder bites you.
You closely miss the adder. The adder barely misses you.
The adder completely misses you.
Casting: Ensorcelled Hibernation (safe; 12% risk of failure)
Confirm with . or Enter, or press ? or * to list all spells.
Aiming: Ensorcelled Hibernation (safe; 12% risk of failure)
Press: ? - help, Shift-Dir - straight line, f - adder
Aim: an adder (chance to affect: 50%)
The adder resists with some effort.
The endoplasm quivers.
The adder misses you.
You miss the adder. The adder completely misses you.
You hit the adder.
The adder is lightly wounded.
The adder bites you.
Casting: Ensorcelled Hibernation (safe; 12% risk of failure)
Confirm with . or Enter, or press ? or * to list all spells.
Aiming: Ensorcelled Hibernation (safe; 12% risk of failure)
Press: ? - help, Shift-Dir - straight line, f/p - adder
Aim: an adder (chance to affect: 50%)
The adder resists with some effort.
The adder bites you. x2
* * * LOW HITPOINT WARNING * * *
The endoplasm barely misses you.
You closely miss the adder. The adder completely misses you.
The endoplasm freezes you.
You are frozen.
You die...

...... .# .# ......
w##. #.#..###...
#......... #
.#.....#..####.#
#.#....#..#....
##..........#
#......@..####.# #
.##..!S.J......# ... )#
########...#........ ..
..# #...#.###..# # #.
#.# #...#.# #..#.
#.##.##.# #<..#.##....
......######...#.#..#
#.##......).......#
.#.##.....<...........#


You could see an adder, a dart slug and an endoplasm.

Vanquished Creatures
  An adder (D:2)
  A dart slug (D:1)
  3 ball pythons (D:1)
  3 endoplasms (D:1)
  4 goblins
  2 hobgoblins (D:1)
  3 jackals (D:1)
  2 quokkas (D:2)
  5 bats
  A frilled lizard (D:1)
  3 kobolds (D:1)
  3 rats (D:1)
31 creatures vanquished.

Notes
Turn   | Place    | Note
-------+----------+-------------------------------------------
     0 | D:1      | drpainis the Spriggan Enchanter began the quest for the
                  | Orb.
     0 | D:1      | Reached XP level 1. HP: 9/9 MP: 5/5
   278 | D:1      | Reached XP level 2. HP: 13/13 MP: 6/6
   401 | D:1      | Reached skill level 5 in Stealth
  1145 | D:1      | Reached XP level 3. HP: 16/16 MP: 8/8
  1271 | D:1      | Found a faded altar of an unknown god.
  1662 | D:1      | Learned a level 2 spell: Ensorcelled Hibernation
  1666 | D:1      | Learned a level 3 spell: Confusing Touch
  1770 | D:2      | Frozen to death by an endoplasm

Illustrated notes

Levels and vault maps discovered:
D:1:      saegor_arrival_simple_d, layout_basic,
          dreamdust_ecumenical_altar_angels_and_demons, nrook_mini_vaults
D:2:      layout_loops_cross, minmay_misc_feat_iff

Skill      XL: |  1  2 |
---------------+-------+-----
Stealth        | 5 |  5.5
Hexes          | 4 |  4.1
Dodging        | 3 |  3.2
Fighting       | |  0.2
Short Blades   | |  1.4
Spellcasting   | |  2.8

Action                   || total
-------------------------++-------
Melee: Dagger            ||   117
 Cast: Ensorcelled Hiber ||     3
 Stab: Sleeping          ||    12
Armor: Robe              ||    13
Dodge: Dodged            ||   102

Table legend: (Time is in decaauts)
 A = Elapsed time spent in this place.
 B = Non-inter-level travel time spent in this place.
 C = Inter-level travel time spent in this place.
 D = Time resting spent in this place.
 E = Time spent auto-exploring this place.
 F = Levels seen in this place.
 G = Mean time per level.
                   A        B        C        D        E       F      G
               +--------+--------+--------+--------+--------+-----+--------+
         Total |   1474 |   1440 |     34 |    533 |    608 |   2 |  737.0 |
       Dungeon |   1474 |   1440 |     34 |    533 |    608 |   2 |  737.0 |
               +--------+--------+--------+--------+--------+-----+--------+

Top non-repeatable levels by time:
     D:1: 1215 daAuts
     D:2: 259 daAuts
